 Dungeon Crawl Stone Soup version 0.17-a0-1763-g847a857 (webtiles) character file.

142 Leibowitz the Sneak (level 5, -1/25 HPs)
             Began as a Spriggan Enchanter on Sept 5, 2015.
             Shot with an arrow by a centaur (9 damage)
             ... on level 3 of the Dungeon.
             The game lasted 00:10:15 (2957 turns).

Leibowitz the Sneak (Spriggan Enchanter)            Turns: 2957, Time: 00:10:15

Health: -1/25      AC:  4    Str:  4    XL:     5   Next: 3%
Magic:  9/11       EV: 19    Int: 17    God:
Gold:   162        SH:  0    Dex: 17    Spells: 4 memorised, 2 levels left

rFire  . . .     SeeInvis +     a - +3 dagger
rCold  . . .     Clarity  .     e - +1 robe
rNeg   . . .     SustAt   .     (shield restricted)
rPois  +         Gourm    .     (helmet restricted)
rElec  .         Spirit   .     o - +0 cloak (curse)
rCorr  .         Warding  .     (gloves unavailable)
rMut   +         Stasis   .     (boots unavailable)
MR     .....                    j - amulet of resist mutation
Stlth  ++++......               (no ring)
                                i - ring of poison resistance

@: very quick, not resistant to hostile enchantments, stealthy
A: unfitting armour, see invisible, herbivore 3, speed 3, slow metabolism 2
a: no special abilities


You were on level 3 of the Dungeon.
You were not hungry.

You visited 1 branch of the dungeon, and saw 3 of its levels.

You collected 162 gold pieces.

Inventory:

Hand weapons
 a - a +3 dagger (weapon)
Armour
 e - a +1 robe (worn)
 o - a cursed +0 cloak (worn)
Jewellery
 i - a ring of poison resistance (left hand)
 j - an amulet of resist mutation (around neck)
Magical devices
 m - a wand of frost (16)
Scrolls
 b - 3 scrolls of teleportation {unknown}
 f - a scroll of blinking {unknown}
 h - 2 scrolls of random uselessness {unknown}
 k - 5 scrolls of identify {unknown}
 q - a scroll of amnesia {unknown}
Potions
 g - 2 potions of ambrosia {unknown}
 n - a potion of brilliance {unknown}
 p - 2 potions of curing {unknown}
 r - a potion of might {unknown}
Books
 c - a book of Maledictions

   Spells                             Type                      Level
   a - Corona                         Hexes                        1
   b - Ensorcelled Hibernation        Hexes/Ice                    2
   c - Confuse                        Hexes                        3
   d - Tukima's Dance                 Hexes                        3
   e - Dazzling Spray                 Conjuration/Hexes            3
Comestibles
 d - 3 bread rations


   Skills:
 * Level 1.0 Fighting
 * Level 1.5 Short Blades
 * Level 4.3 Dodging
 + Level 5.5 Stealth
 * Level 3.6 Spellcasting
 * Level 4.2 Hexes
 * Level 1.0 Ice Magic


You had 2 spell levels left.
You knew the following spells:

 Your Spells              Type           Power        Failure   Level  Hunger
a - Corona                Hex            ###....      2%          1    None
b - Ensorcelled Hibernat  Hex/Ice        ##....       10%         2    ##.....
c - Confuse               Hex            ###.....     10%         3    ###....
d - Dazzling Spray        Conj/Hex       ##......     21%         3    ###....


Dungeon Overview and Level Annotations

Branches:
Dungeon (3/15)

Altars:


Innate Abilities, Weirdness & Mutations

You are tiny and cannot use many weapons and most armour.
You have supernaturally acute eyesight.
You are a herbivore.
You cover ground extremely quickly.
You need consume almost no food.


Message History

Found a black potion and 11 gold pieces.
The centaur shouts!
The centaur wields a runed shortbow.
The centaur shoots an arrow.
The arrow hits you!
Ouch! That really hurt!
* * * LOW HITPOINT WARNING * * *
You see here an arrow.
The hobgoblin completely misses you.
Casting: Ensorcelled Hibernation
Confirm with . or Enter, or press ? or * to list all spells.
Aiming: Ensorcelled Hibernation
Press: ? - help, Shift-Dir - straight line, f - hobgoblin
Aim: a hobgoblin (chance to defeat MR: 60%)
The hobgoblin looks drowsy...
The helpless hobgoblin fails to defend itself.
You impale the hobgoblin!!
You kill the hobgoblin!
Your Ice Magic skill increases to level 1!
The centaur shoots an arrow.
The arrow hits you!
You die...

.......# #.......#
######## #.......#
#...(.!.# ####c####
#.# #.# ############
#.#
...).......########.#
##########.....)@†c.#
############


You could see a centaur.

Vanquished Creatures
  Crazy Yiuf (D:2)
  Ijyb (D:2)
  Jessica (D:2)
  2 worms (D:2)
  3 giant geckos
  A ball python (D:1)
  A giant cockroach (D:1)
  9 hobgoblins
  4 jackals
  A quokka (D:2)
  6 bats
  A giant newt (D:1)
  7 goblins
  7 kobolds
  8 rats
53 creatures vanquished.

Notes
Turn   | Place    | Note
--------------------------------------------------------------
     0 | D:1      | Leibowitz the Spriggan Enchanter began the quest for the Orb.
     0 | D:1      | Reached XP level 1. HP: 9/9 MP: 5/5
    90 | D:1      | Reached XP level 2. HP: 7/13 MP: 3/6
   106 | D:1      | Learned a level 2 spell: Ensorcelled Hibernation
   234 | D:1      | Reached skill level 5 in Stealth
   952 | D:2      | Reached XP level 3. HP: 12/16 MP: 1/8
   962 | D:2      | Noticed Ijyb
  1023 | D:2      | Killed Ijyb
  1416 | D:2      | Noticed Jessica
  1432 | D:2      | Killed Jessica
  1432 | D:2      | Reached XP level 4. HP: 7/21 MP: 1/10
  1509 | D:2      | Learned a level 3 spell: Confuse
  1513 | D:2      | Learned a level 3 spell: Dazzling Spray
  1636 | D:2      | Noticed Crazy Yiuf
  1646 | D:2      | Killed Crazy Yiuf
  1646 | D:2      | Reached skill level 1 in Fighting
  2849 | D:3      | Reached XP level 5. HP: 25/25 MP: 11/11
  2941 | D:3      | Noticed a centaur
  2957 | D:3      | Reached skill level 1 in Ice Magic
  2957 | D:3      | Shot with an arrow by a centaur

Vault maps used:
D:1:      roderic_dead_forest
D:2:      first_bread, uniq_crazy_yiuf_cottage, uniq_jessica, uniq_iyjb

Action                   |  1- 3 |  4- 6 || total
-------------------------+-------+-------++-------
Melee: Dagger            |    91 |    79 ||   170
 Cast: Corona            |     6 |       ||     6
       Ensorcelled Hiber |    16 |    14 ||    30
       Dazzling Spray    |       |     3 ||     3
 Stab: Sleeping          |    15 |     9 ||    24
       Distracted        |     1 |       ||     1
  Eat: Pizza             |       |     1 ||     1
